 Dungeon Crawl Stone Soup version 0.29.1-12-g30fa7ad0bf (webtiles) character file.

Game seed: 12863311717522299129

109790 AsbestosFan the Executioner (level 16, -5/240 HPs)
             Began as a Minotaur Berserker on Jan 17, 2023.
             Was a High Priest of Trog.
             Slain by a frost giant
             ... wielding a +1 battleaxe of freezing
              (13 damage)
             ... on level 1 of the Depths on Jan 18, 2023.
             The game lasted 02:52:02 (24121 turns).

AsbestosFan the Executioner (Minotaur Berserker)   Turns: 24121, Time: 02:52:03

Health: -5/240     AC: 28    Str: 28    XL:     16   Next: 5%
Magic:  15/15      EV:  2    Int:  6    God:    Trog [*****.]
Gold:   1649       SH: 24    Dex: 10    Spells: 15/15 levels left

rFire   + + .      SeeInvis .   F - +5 broad axe of Beyond {vorpal, rC+ Will+}
rCold   + + .      Faith    .   y - +2 tower shield
rNeg    + . .      Spirit   .   (body armour currently unavailable)
rPois   +          Reflect  +   (helmet currently unavailable)
rElec   +          Harm     .   (cloak currently unavailable)
rCorr   +          Rampage  .   (gloves currently unavailable)
Will    ++++.      NoTele   +   (boots currently unavailable)
Stlth   +.........              P - amulet of reflection
HPRegen 1.50/turn               O - ring of protection from fire
MPRegen 0.14/turn               s - ring of positive energy

@: tree-form, resistant, strong-willed, on berserk cooldown, regenerating,
slowed, studying Shields, very slow
A: stationary, stasis, torment immunity, boosted hp, (horns 2), (retaliatory
headbutt)
a: Renounce Religion, Berserk, Trog's Hand, Brothers in Arms


You were on level 1 of the Depths.
You worshipped Trog.
Trog was extremely pleased with you.
You were a tree.
You visited 3 branches of the dungeon, and saw 21 of its levels.
You also visited: Volcano.

You collected 1897 gold pieces.
You spent 248 gold pieces at shops.

Inventory:

Hand Weapons
 F - the +5 broad axe of Beyond (weapon) {vorpal, rC+ Will+}
   (Trog gifted it to you on level 9 of the Dungeon)

   It inflicts extra damage upon your enemies.
   rC:        It protects you from cold.
   Will:      It increases your willpower.
 K - a +5 antimagic broad axe
 R - a +3 vorpal war axe
 S - a +0 shortbow of flaming
 T - the +4 bardiche of the Undead {vorpal, rElec rF+ Will+ rCorr}
   (Trog gifted it to you on level 13 of the Dungeon)

   It inflicts extra damage upon your enemies.
   rF:        It protects you from fire.
   rElec:     It insulates you from electricity.
   rCorr:     It protects you from acid and corrosion.
   Will:      It increases your willpower.
Missiles
 e - 3 javelins (quivered)
Armour
 f - a +0 pair of gloves (melded)
 n - a +2 cloak (melded)
 v - a +2 hat of willpower (melded)
 y - a +2 tower shield (worn)
 E - a +4 plate armour of fire resistance (melded)
 N - a +1 pair of boots (melded)
Jewellery
 q - an amulet of regeneration
 s - a ring of positive energy (right branch)
 w - a +6 ring of dexterity
 I - a ring of resist corrosion
 O - a ring of protection from fire (left branch)
 P - an amulet of reflection (around neck)
 Q - the ring of Ysefi {*Corrode +Blink rF+ rN+}
   (You found it on level 5 of the Lair of Beasts)

   [ring of positive energy]

   rF:        It protects you from fire.
   rN:        It protects you from negative energy.
   +Blink:    It lets you blink.
   *Corrode:  It may corrode you when you take damage.
Wands
 c - a wand of polymorph (19)
 h - a wand of flame (78)
 p - a wand of charming (21)
 x - a wand of mindburst (32)
 A - a wand of acid (17)
 M - a wand of roots (5)
Scrolls
 a - 11 scrolls of identify
 b - 6 scrolls of teleportation
 k - 4 scrolls of fog
 l - 2 scrolls of magic mapping
 z - 2 scrolls of silence
 C - 2 scrolls of blinking
 D - 2 scrolls of fear
 L - 3 scrolls of vulnerability
 U - a scroll of summoning
Potions
 d - 9 potions of curing
 g - 3 potions of attraction
 i - 4 potions of flight
 m - 3 potions of lignification
 o - 2 potions of heal wounds
 t - 6 potions of mutation
 u - a potion of ambrosia
 B - a potion of berserk rage
 G - 2 potions of haste
 H - 2 potions of magic
 J - 4 potions of brilliance
Miscellaneous
 j - a box of beasts


   Skills:
 - Level 19.1 Fighting
 - Level 22.6 Axes
 * Level 11.7 Armour
 * Level 10.8 Dodging
 - Level 14.2 Shields


You had 15 spell levels left.
You didn't know any spells.
Your spell library was empty.

Dungeon Overview and Level Annotations

Branches:
Dungeon (15/15)            Temple (0/1) D:6            Lair (5/5) D:9
  Swamp (0/4) Lair:3        Snake (0/4) Lair:2        Slime (0/5) Lair:4
    Orc (0/2) D:12         Vaults (0/5) D:14         Depths (1/4) D:15
Volcano (visited)

Altars:
Dithmenos
Elyvilon
Nemelex Xobeh
Okawaru
Qazlal
Trog
Uskayaw
Zin
Jiyva

Shops:
D:4 *   D:8 (   D:13 ?

Annotations:
D:8 3 runed translucent doors, emiel's ghost, novice FoEE
D:14 3 runed translucent doors, Nuij's ghost, journeyman FoGl
Lair:4 1 runed translucent door, Aricsoirch's ghost, journeyman GrFi


Innate Abilities, Weirdness & Mutations

You are a tree.
Your roots penetrate the ground, keeping you stationary.
You cannot be teleported.
You are immune to unholy pain and torment.
Your maximum health is greatly increased.
Your equipment is partially melded.
((You have a pair of horns on your head.))
((You reflexively headbutt those who attack you in melee.))


Message History

You block the tentacled monstrosity's attack.
The tentacled monstrosity constricts you!
* * * LOW HITPOINT WARNING * * *
You slash the tentacled monstrosity!
You kill the tentacled monstrosity!
Trog accepts your kill.
You cut the frost giant into ribbons!!!
The frost giant is heavily wounded.
You hear a shout! x2
The frost giant casts a spell at you. The bolt of cold hits you!! You resist.
* * * LOW HITPOINT WARNING * * *
Really quaff the potion of lignification?
You turn into a tree.
Your +2 cloak melds into your body.
Your +2 hat of willpower melds into your body.
Your +0 pair of gloves melds into your body.
Your +1 pair of boots melds into your body.
Your +4 plate armour of fire resistance melds into your body.
You feel less strong-willed.
You feel less resistant to fire.
Your roots penetrate the ground.
The frost giant points at you and mumbles some strange words.
The bolt of cold hits you!! You resist.
* * * LOW HITPOINT WARNING * * *
You slice the frost giant!!
The frost giant is severely wounded.
The frost giant gestures at you while chanting.
The bolt of cold hits you. You resist.
* * * LOW HITPOINT WARNING * * *
The frost giant casts a spell at you. The bolt of cold hits you! You resist.
* * * LOW HITPOINT WARNING * * *
You're still recovering from your berserk rage.
You feel much better.
The frost giant hits you with a +1 battleaxe of freezing!!
* * * LOW HITPOINT WARNING * * *
The frost giant freezes you.
* * * LOW HITPOINT WARNING * * *
You feel protected.
The frost giant hits you with a +1 battleaxe of freezing!
You die...

#####..)### #.....#
♣ #♣....# .
#.....#♣. #♣...♣#.♣
♣♣)♣♣ .♣ ##♣)♣##.♣
♣.♣♣♣#..<..#.♣.♣.#.
.....'.)8.C♣).~....
♣♣♣.♣#..>..#)♣.♣.#[
.. ##♣'♣##.♣ ♣ ♣.♣
.♣ .♣. .♣ .♣ ♣. ♣.
#♣ ♣ . ♣


You could see a frost giant.

Vanquished Creatures
  A tentacled monstrosity (Depths:1)
  Frances (D:14)
  Gastronok (D:12)
  A frost giant (Depths:1)
  3 fire giants
  4 stone giants (Depths:1)
  A vampire knight (Depths:1)
  Azrael (D:14)
  3 spark wasps (Depths:1)
  The ghost of DrBigBum the Fighter, a journeyman BaFi of Cheibriados (Lair:1)
  A dire elephant (Lair:5)
  A yaktaur captain (D:14)
  2 ettins (Depths:1)
  Snorg (D:14)
  2 fire dragons (Depths:1)
  A rakshasa (Depths:1)
  2 hydras (Lair:1)
  A boulder beetle (D:14)
  A catoblepas (D:14)
  2 ogre magi
  Erica (Lair:2)
  A spriggan air mage (Depths:1)
  6 centaur warriors
  10 two-headed ogres
  A deep troll earth mage (Depths:1)
  4 death yaks (Lair:4)
  9 tengu warriors
  Urug (Lair:4)
  Nergalle (Lair:2)
  A hell knight (Depths:1)
  A bog body (Lair:3)
  A glowing orange brain (Depths:1)
  A wizard (D:14)
  A glowing orange brain (shapeshifter) (D:15)
  An orc knight (D:15)
  A deep elf pyromancer (D:12)
  5 cyclopes
  2 manticores
  10 ugly things
  3 elephants (Lair:4)
  7 black mambas
  3 molten gargoyles (Volcano)
  An elephant (shapeshifter) (D:15)
  A guardian serpent (shapeshifter) (D:14)
  A torpor snail (Lair:5)
  15 cane toads
  4 rime drakes
  13 komodo dragons
  4 efreet
  2 yaktaurs (D:14)
  A freezing wraith (D:15)
  A kobold demonologist (D:12)
  3 tengu conjurers
  11 polar bears (Lair:5)
  A troll (D:9)
  2 hornets
  Grinder (D:4)
  3 raiju (Lair:5)
  13 blink frogs
  4 dream sheep (Lair:4)
  16 slime creatures
  Sigmund (D:3)
  2 shadows (D:10)
  A vampire (D:11)
  3 wraiths (D:12)
  A spriggan (shapeshifter) (D:14)
  Grum (D:11)
  4 wyverns
  56 yaks
  9 fire elementals
  3 basilisks
  A steam dragon (D:7)
  6 wargs (Lair:5)
  9 vampire mosquitoes
  4 acid dragons
  Edmund (D:5)
  11 water moccasins
  17 hell hounds
  Duvessa (D:5)
  13 black bears
  9 orc warriors
  A sky beast (D:6)
  An ice beast (D:7)
  5 ogres
  The ghost of Poussin the Trooper, an amateur PaFi (D:3)
  36 wolves
  17 centaurs
  3 phantoms
  A kobold brigand (D:7)
  A gnoll sergeant (D:8)
  3 earth elementals (Volcano)
  17 bullfrogs
  3 scorpions
  9 wights
  6 killer bees (D:9)
  Dowan (D:5)
  4 electric eels (Lair:2)
  8 howler monkeys
  A hound (D:5)
  A jelly (D:4)
  Crazy Yiuf (D:2)
  7 orc priests
  Jessica (D:2)
  4 iguanas
  7 orc wizards
  Robin (D:2)
  19 gnolls
  8 adders
  14 white imps
  A worm (D:5)
  2 dart slugs
  40 orcs
  10 ball pythons
  6 endoplasms
  4 giant cockroaches
  16 goblins
  4 hobgoblins
  4 jackals (D:3)
  17 kobolds
  A quokka (D:1)
  7 bats
  4 frilled lizards
  4 rats
  A butterfly (Lair:3)
654 creatures vanquished.

Vanquished Creatures (collateral kills)
  A stone giant (Depths:1)
  3 hydras
  A catoblepas (D:15)
  A two-headed ogre (D:9)
  A komodo dragon (Lair:5)
  A blink frog (Lair:5)
  3 wights (D:9)
11 creatures vanquished.

Vanquished Creatures (others)
  2 slime creatures (D:14)
  38 fungi
  101 plants
141 creatures vanquished.

Grand Total: 806 creatures vanquished

Notes
Turn   | Place    | Note
-------+----------+-------------------------------------------
     0 | D:1      | AsbestosFan the Minotaur Berserker began the quest for the
                  | Orb.
     0 | D:1      | Reached XP level 1. HP: 19/19 MP: 0/0
    78 | D:1      | Reached skill level 4 in Axes
   143 | D:1      | Reached XP level 2. HP: 25/26 MP: 1/1
   538 | D:1      | Reached skill level 5 in Axes
   791 | D:2      | Reached XP level 3. HP: 31/31 MP: 2/2
   797 | D:2      | Reached ** piety under Trog
   935 | D:2      | Noticed Jessica
   945 | D:2      | Killed Jessica
  1118 | D:2      | Noticed Robin
  1128 | D:2      | Reached XP level 4. HP: 39/39 MP: 3/3
  1133 | D:2      | Reached skill level 6 in Axes
  1137 | D:2      | Killed Robin
  1743 | D:2      | Found a runed translucent door.
  1744 | D:2      | Noticed Crazy Yiuf
  1789 | D:2      | Killed Crazy Yiuf
  1968 | D:3      | Reached skill level 7 in Axes
  1968 | D:3      | Reached XP level 5. HP: 45/45 MP: 4/4
  2040 | D:3      | Noticed Sigmund
  2051 | D:3      | Killed Sigmund
  2052 | D:3      | Reached skill level 8 in Axes
  2052 | D:3      | Reached XP level 6. HP: 51/51 MP: 5/5
  2207 | D:3      | Found a runed translucent door.
  2207 | D:3      | Noticed Poussin's ghost (amateur PaFi)
  2248 | D:3      | Killed Poussin's ghost
  2249 | D:3      | Reached skill level 9 in Axes
  2396 | D:3      | Found a faded altar of an unknown god.
  2456 | D:3      | Noticed Terence
  2461 | D:3      | Noticed Terence
  2461 | D:3      | Terence changed into Terence the dart slug
  2465 | D:3      | Killed Terence the dart slug
  2667 | D:3      | Reached *** piety under Trog
  3110 | D:4      | Reached XP level 7. HP: 57/57 MP: 6/6
  3120 | D:4      | Reached skill level 10 in Axes
  3483 | D:4      | Found Guwiyll's General Store.
  3487 | D:4      | Noticed Grinder
  3500 | D:4      | Paralysed by Grinder for 3 turns
  3510 | D:4      | Paralysed by Grinder for 5 turns
  3515 | D:4      | Killed Grinder
  3516 | D:4      | Reached skill level 11 in Axes
  3558 | D:4      | Bought a potion of ambrosia for 80 gold pieces
  3558 | D:4      | Bought a potion of lignification for 30 gold pieces
  3759 | D:4      | Reached XP level 8. HP: 57/64 MP: 7/7
  3948 | D:4      | Identified a scroll of acquirement
  3948 | D:4      | Acquired a manual of Axes
  4052 | D:5      | Entered Level 5 of the Dungeon
  4245 | D:5      | Noticed Edmund
  4256 | D:5      | Killed Edmund
  4257 | D:5      | Reached skill level 12 in Axes
  4433 | D:5      | Noticed Duvessa
  4434 | D:5      | Noticed Dowan
  4440 | D:5      | Killed Duvessa
  4442 | D:5      | Killed Dowan
  4443 | D:5      | Reached skill level 5 in Fighting
  4775 | D:5      | Found a bloodstained altar of Trog.
  4775 | D:5      | Found a hide-covered altar of Uskayaw.
  4775 | D:5      | Found a white marble altar of Elyvilon.
  4775 | D:5      | Found a sparkling altar of Nemelex Xobeh.
  4787 | D:5      | Found a stormy altar of Qazlal.
  4787 | D:5      | Found an iron altar of Okawaru.
  5041 | D:6      | Reached skill level 13 in Axes
  5109 | D:6      | Found a staircase to the Ecumenical Temple.
  5574 | D:6      | Reached XP level 9. HP: 68/75 MP: 6/8
  5575 | D:6      | Reached skill level 14 in Axes
  6290 | D:7      | Reached skill level 5 in Shields
  6336 | D:7      | Reached **** piety under Trog
  6494 | D:7      | Reached skill level 15 in Axes
  7484 | D:8      | Found Mopheq's Weapon Boutique.
  7586 | D:8      | Reached ***** piety under Trog
  7587 | D:8      | Reached XP level 10. HP: 83/83 MP: 9/9
  7610 | D:8      | Reached skill level 16 in Axes
  7835 | D:8      | Found a runed translucent gate.
  7836 | D:8      | Found a runed translucent gate.
  7836 | D:8      | Identified the +0 plate armour of Jucuedur {rC+ Stlth+}
  7838 | D:8      | Found a runed translucent gate.
  7840 | D:8      | Noticed emiel's ghost (novice FoEE)
  8302 | D:9      | Reached skill level 10 in Shields
  8534 | D:9      | Identified the +5 broad axe of Beyond {vorpal, rC+ Will+}
                  | (Trog gifted it to you on level 9 of the Dungeon)
  8534 | D:9      | Received a gift from Trog
  8535 | D:9      | Reached skill level 17 in Axes
  8659 | D:9      | Found a staircase to the Lair.
  8834 | D:9      | Noticed a two-headed ogre
  8838 | D:9      | Killed a two-headed ogre
  9022 | D:10     | Entered Level 10 of the Dungeon
  9022 | D:10     | Found a flagged portal.
  9055 | D:10     | Noticed a two-headed ogre
  9062 | D:10     | Killed a two-headed ogre
  9063 | D:10     | Reached skill level 18 in Axes
  9063 | D:10     | Reached XP level 11. HP: 89/89 MP: 10/10
  9921 | D:11     | Noticed Grum
  9928 | D:11     | Killed Grum
  9964 | D:11     | Noticed a two-headed ogre
  9974 | D:11     | Killed a two-headed ogre
  9975 | D:11     | Reached skill level 19 in Axes
 10333 | D:11     | Noticed a centaur warrior
 10346 | D:11     | Killed a centaur warrior
 10536 | D:11     | Identified the +9 flail of Reapportionment {flame, *Noise
                  | rC+ rN+ Dex+4}
 11199 | D:12     | Found a staircase to the Orcish Mines.
 11207 | D:12     | Noticed Gastronok
 11219 | D:12     | Killed Gastronok
 11303 | D:12     | Reached XP level 12. HP: 104/104 MP: 11/11
 11400 | D:12     | Reached skill level 10 in Fighting
 11540 | D:12     | Reached skill level 20 in Axes
 11853 | D:12     | Noticed a two-headed ogre
 11857 | D:12     | Killed a two-headed ogre
 11968 | D:12     | Found a glowing silver altar of Zin.
 11968 | D:12     | Noticed an angel
 12751 | Lair:1   | Entered Level 1 of the Lair of Beasts
 13109 | Lair:1   | Noticed an eight-headed hydra
 13121 | Lair:1   | Killed a 12-headed hydra
 13303 | Lair:1   | Found a large runed translucent door.
 13304 | Lair:1   | Found a large runed translucent door.
 13310 | Lair:1   | Noticed DrBigBum's ghost (journeyman BaFi)
 13321 | Lair:1   | Killed DrBigBum's ghost
 13390 | Lair:1   | Noticed an eight-headed hydra
 13406 | Lair:1   | Killed a 15-headed hydra
 13981 | Lair:2   | Noticed Erica
 13982 | Lair:2   | Noticed Nergalle
 13989 | Lair:2   | Killed Erica
 13998 | Lair:2   | Killed Nergalle
 13999 | Lair:2   | Reached XP level 13. HP: 90/122 MP: 12/12
 14124 | Lair:2   | Received a gift from Trog
 14294 | Lair:2   | Reached skill level 21 in Axes
 14769 | Lair:3   | Found a staircase to the Swamp.
 15483 | Lair:4   | Noticed Urug
 15497 | Lair:4   | Killed Urug
 15735 | Lair:4   | Reached skill level 15 in Fighting
 15793 | Lair:4   | Found a runed translucent door.
 15793 | Lair:4   | Noticed Aricsoirch's ghost (journeyman GrFi)
 15865 | Lair:4   | Identified the +7 spear of Classification {flame, rPois rN+
                  | Str+3 Dex-3}
 16018 | Lair:4   | Found a glowing silver altar of Zin.
 16033 | Lair:4   | Found a staircase to the Slime Pits.
 16035 | Lair:4   | Found a viscous altar of Jiyva.
 16633 | Lair:5   | Entered Level 5 of the Lair of Beasts
 16766 | Lair:5   | Identified the ring of Ysefi {*Corrode +Blink rF+ rN+}
 17116 | Lair:5   | Reached XP level 14. HP: 81/140 MP: 4/13
 17156 | Lair:5   | Reached skill level 22 in Axes
 17178 | Lair:5   | Found a dark tunnel.
 17184 | Volcano  | Entered a volcano
 18356 | Lair:5   | Received a gift from Trog
 19584 | Lair:2   | Found a staircase to the Snake Pit.
 20416 | D:13     | Reached ****** piety under Trog
 20625 | D:13     | Identified the +4 bardiche of the Undead {vorpal, rElec rF+
                  | Will+ rCorr} (Trog gifted it to you on level 13 of the
                  | Dungeon)
 20625 | D:13     | Received a gift from Trog
 20641 | D:13     | Found a frozen archway.
 20951 | D:13     | Reached skill level 5 in Armour
 21188 | D:13     | Found Qeshyin's Magic Scroll Emporium.
 21211 | D:13     | Bought a scroll of enchant armour for 90 gold pieces
 21211 | D:13     | Bought a scroll of fear for 48 gold pieces
 21279 | D:14     | Found a gate to the Vaults.
 21285 | D:14     | Noticed Snorg
 21287 | D:14     | Noticed Azrael
 21289 | D:14     | Noticed Frances
 21300 | D:14     | Reached skill level 5 in Dodging
 21301 | D:14     | Reached XP level 15. HP: 152/152 MP: 14/14
 21303 | D:14     | Killed Azrael
 21314 | D:14     | Killed Frances
 21319 | D:14     | Killed Snorg
 21663 | D:14     | Found a runed translucent gate.
 21663 | D:14     | Found a runed translucent gate.
 21663 | D:14     | Found a runed translucent gate.
 21663 | D:14     | Found a viscous altar of Jiyva.
 21663 | D:14     | Noticed Nuij's ghost (journeyman FoGl)
 21663 | D:14     | Noticed an acid blob
 21663 | D:14     | Noticed a rockslime
 21830 | D:14     | Identified the +1 long sword of World Downfall {vorpal,
                  | Drain rN++ Str+3 Int-5}
 22281 | D:14     | Found a shadowy altar of Dithmenos.
 22660 | D:15     | Entered Level 15 of the Dungeon
 22674 | D:15     | Received a gift from Trog
 22829 | D:15     | Acquired a manual of Shields
 22896 | D:15     | Found a staircase to the Depths.
 22896 | D:15     | Noticed a fire giant
 23105 | D:15     | Killed a fire giant
 23632 | Depths:1 | Entered Level 1 of the Depths
 23643 | Depths:1 | Reached skill level 10 in Armour
 23652 | Depths:1 | Noticed a fire giant
 23678 | Depths:1 | Noticed a fire giant
 23697 | Depths:1 | Killed a fire giant
 23711 | Depths:1 | Noticed a fire giant
 23722 | Depths:1 | Killed a fire giant
 23834 | Depths:1 | Reached skill level 10 in Dodging
 24078 | Depths:1 | Noticed a frost giant
 24097 | Depths:1 | Noticed a tentacled monstrosity
 24108 | Depths:1 | Killed a frost giant
 24110 | Depths:1 | Noticed a frost giant
 24112 | Depths:1 | Reached XP level 16. HP: 107/160 MP: 15/15
 24116 | Depths:1 | Killed a tentacled monstrosity
 24119 | Depths:1 | HP: 11/240 [frost giant/bolt of cold (14)]
 24121 | Depths:1 | Slain by a frost giant

Illustrated notes

Levels and vault maps discovered:
D:1:      lemuel_arrival_funnel, layout_basic
D:2:      layout_rooms, uniq_robin, uniq_jessica, uniq_crazy_yiuf_cottage
D:3:      layout_rooms, serial_bayou, serial_bayou_lagoon_b,
          serial_bayou_shore_a, serial_bayou_shore_b, serial_bayou_shore_b,
          gammafunk_ghost_grave, dilly_ecumenical_altar_fadedgnrine,
          uniq_terence, uniq_sigmund
D:4:      layout_cave_pods, serial_shops, shop, uniq_grinder
D:5:      layout_loops_ring, minmay_overflow_temple_hex, saegor_snake_ambush,
          uniq_edmund, uniq_duvessa
D:6:      layout_basic, minmay_temple_entry_from_below_b, minmay_starry_boxes
D:7:      nicolae_cairo_tiling, layout_basic
D:8:      layout_basic, biasface_ghost_orc_armoury, serial_shops,
          nicolae_shop_bloodbath_and_beyond
D:9:      layout_roguey, erik_lair_dragon
D:10:     layout_irregular_city, enter_bailey_2, st_stairs_10,
          kennysheep_diamond
D:11:     layout_layer_cave, uniq_grum
D:12:     layout_loops_ring, orc_0_dummy, zin_angel, uniq_gastronok
D:13:     layout_basic, portal_ice_cave_entry_imps, serial_shops, shop_coins,
          kb_tengu_band
D:14:     layout_basic, david_vaults_2, gammafunk_ghost_ooze,
          nicolae_dithmenos_the_darkroom, minivault_12, uniq_frances,
          uniq_azrael, uniq_snorg
D:15:     grunt_enter_depths_giant_problem, layout_loops_cross
Lair:1:   layout_cave_pods, ebering_ghost_disaster_area, fungi_pond_lemuel,
          grunt_megastairs_3
Lair:2:   layout_loops_ring, dummy_snake_entry, grunt_forest_stairs_basic,
          serial_bayou_lake_a, grunt_megastairs_5, uniq_erica, uniq_nergalle
Lair:3:   layout_cellular_growth, skrybe_swamp_entry_bodies,
          lemuel_fruit_fields, infiniplex_staircase_pool_2, lemuel_fruit_fields
Lair:4:   layout_regular_city, slime_entry_1, ebering_ghost_funeral_grove,
          basic_altar, uniq_urug
Lair:5:   hangedman_lair_caniforms_friends, layout_long_grid, enter_volcano_3
Depths:1: nzn_winding_woodlands_stair_cross [nzn_winding_woodlands_5x15_crooked,
          nzn_winding_woodlands_center_diamonds,
          nzn_winding_woodlands_5x15_pathside_ponds,
          nzn_winding_woodlands_5x5_open_star,
          nzn_winding_woodlands_5x5_checkerboard,
          nzn_winding_woodlands_5x15_eye,
          nzn_winding_woodlands_center_triple_pond,
          nzn_winding_woodlands_5x15_river_crossing], layout_cave_pools,
          hangedman_coc_ice_floe, abyss_entry, dk_noncrumbling_2,
          lemuel_old_faithful

Skill      XL: |  1  2  3  4  5  6  7  8  9 10 11 12 13 14 15 |
---------------+----------------------------------------------+-----
Axes           | 4 5 7 8 9 11 13 15 18 19 20 21 22 | 22.6
Fighting       | 6 9 13 17 19 | 19.1
Shields        | 3 9 12 14 | 14.2
Armour         | 5 11 | 11.7
Dodging        | 5 10 | 10.8

Action                   |  1- 3 |  4- 6 |  7- 9 | 10-12 | 13-15 | 16-18 || total
-------------------------+-------+-------+-------+-------+-------+-------++-------
Melee: Hand axe          |    68 |   111 |   305 |    98 |       |       ||   582
       Headbutt          |     9 |    22 |    80 |    92 |   218 |     2 ||   423
       Broad axe         |       |       |       |   323 |   988 |     7 ||  1318
Throw: Stone             |     8 |       |       |       |       |       ||     8
       Boomerang         |    16 |     9 |    49 |    15 |    14 |       ||   103
Invok: Berserk           |     1 |     3 |     4 |    10 |     5 |       ||    23
       Brothers in Arms  |       |       |       |     1 |     6 |       ||     7
       Trog's Hand       |       |       |       |       |     1 |       ||     1
 Abil: Evoke Blink       |       |       |       |       |     1 |       ||     1
Evoke: Wand              |       |     3 |    16 |    23 |     3 |       ||    45
  Use: Scroll            |     3 |     8 |    10 |     7 |     5 |       ||    33
       Potion            |       |       |     1 |     1 |     7 |     3 ||    12
 Stab: Distracted        |       |       |       |       |     1 |       ||     1
Armor: Ring mail         |    22 |       |       |       |       |       ||    22
       Scale mail        |     6 |    17 |       |       |       |       ||    23
       Chain mail        |       |    37 |    72 |    16 |       |       ||   125
       Skin              |       |       |       |    10 |       |       ||    10
       Plate armour      |       |       |       |    93 |   272 |     2 ||   367
Dodge: Dodged            |    35 |    37 |    42 |    48 |    87 |       ||   249
Block: Tower shield      |       |       |   141 |   334 |   853 |     8 ||  1336
       Reflection        |       |       |       |       |    46 |       ||    46
